AoeStats
← Schneider

Arabia

510208946Analyzed
1v1 RM · 23h ago on Sep 30, 2026· 50m 57s· 2 players
Game mode
Random Map
Map size
Tiny (2 player)
Population
200
Speed
Normal
Resources
Standard
Victory
Conquest
Starting age
Dark Age
Ending age
Imperial Age
RankedLock teamsTeams togetherTeam positionsShared explorationLock speedFull tech treeHidden civsTurbo modeCheats
Victory
Defeat
🇦🇷 Inca · Argentina
1783
+16
🇦🇷 Slavs · Argentina
1786
-16
CeCa_Sebanico010
2:13 Loom
11:02 Feudal Age
12:23 Double-Bit Axe
14:59 Fletching
20:49 Castle Age
19:40 Padded Archer Armor
19:17 Champi Runner
20:01 Horse Collar
20:13 Gold Mining
21:24 Bodkin Arrow
21:03 Crossbowman
27:06 Ballistics
37:30 Town Watch
38:23 Wheelbarrow
40:28 Imperial Age
39:03 Scale Mail Armor
39:14 Forging
38:26 Champi Runner
39:07 Squires
39:18 Arson
39:19 Champi Warrior
41:04 Bow Saw
40:56 Heavy Plow
42:21 Chain Mail Armor
42:07 Bracer
43:52 Wheelbarrow
44:16 Plate Mail Armor
43:38 Pikeman
45:24 Elite Champi Warrior
47:24 Conscription
47:23 Masonry
48:39 Iron Casting
Schneider
11:04 Loom
12:50 Feudal Age
14:50 Double-Bit Axe
17:25 Fletching
20:27 Castle Age
18:15 Horse Collar
19:33 Padded Archer Armor
20:36 Gold Mining
21:23 Bow Saw
23:35 Gold Shaft Mining
24:14 Bodkin Arrow
24:34 Leather Archer Armor
24:51 Town Watch
24:36 Elite Skirmisher
25:33 Leather Archer Armor
40:52 Imperial Age
39:13 Ballistics
39:22 Heavy Plow
40:16 Wheelbarrow
39:41 Town Patrol
41:02 Bloodlines
40:52 Husbandry
41:16 Scale Barding Armor
41:21 Forging
41:28 Cavalier
42:30 Chain Barding Armor
42:04 Guard Tower
43:15 Chemistry
46:19 Plate Barding Armor
46:20 Iron Casting
47:14 Hand Cart
46:29 Light Cavalry
48:42 Plate Barding Armor
49:08 Blast Furnace
Connection lost

Rejoining the realm…

Still unreachable

The connection could not be restored.

Session expired

The server has moved on; the page needs a fresh start.